 Dungeon Crawl Stone Soup version 0.20-a0-313-g10ed074 (webtiles) character file.

42 Leibowitz the Ducker (level 3, -1/29 HPs)
             Began as a Demigod Gladiator on Dec 20, 2016.
             Killed from afar by an orc wizard (7 damage)
             ... with a magic dart
             ... on level 2 of the Dungeon.
             The game lasted 00:02:44 (1699 turns).

Leibowitz the Ducker (Demigod Gladiator)            Turns: 1699, Time: 00:02:45

Health: -1/29      AC:  5    Str: 18    XL:     3   Next: 17%
Magic:  5/5        EV: 13    Int: 12    God:
Gold:   100        SH:  0    Dex: 18    Spells: 2/2 levels left

rFire  . . .     SeeInvis .     a - +0 rapier
rCold  + . .     Gourm    .     o - +1 leather armour {rC+}
rNeg   . . .     Faith    .     (no shield)
rPois  .         Spirit   .     c - +0 helmet
rElec  .         Reflect  .     (no cloak)
rCorr  .         Harm     .     (no gloves)
MR     .....                    (no boots)
Stlth  ++........               (no amulet)
                                (no ring)
                                (no ring)

@: no status effects
A: high mp 1
a: no special abilities


You were on level 2 of the Dungeon.
You were hungry.

You visited 1 branch of the dungeon, and saw 3 of its levels.

You collected 100 gold pieces.

Inventory:

Hand Weapons
 a - a +0 rapier (weapon)
Missiles
 d - a throwing net (quivered)
Armour
 c - a +0 helmet (worn)
 o - a +1 leather armour of cold resistance (worn)
Scrolls
 b - a scroll of immolation {unknown}
 e - a scroll of magic mapping {unknown}
 g - a scroll of fear {unknown}
 h - a scroll of enchant armour {unknown}
 i - a scroll of identify {unknown}
 j - a scroll of fog {unknown}
 l - 2 scrolls of remove curse {unknown}
 n - a scroll of teleportation {unknown}
Comestibles
 f - a bread ration
 m - 2 meat rations


   Skills:
 + Level 2.0 Fighting
 + Level 3.0 Short Blades
 + Level 1.9 Throwing
 * Level 3.2 Dodging
 * Level 1.2 Stealth


You had 2 spell levels left.
You didn't know any spells.

Dungeon Overview and Level Annotations

Branches:
Dungeon (3/15)


Innate Abilities, Weirdness & Mutations

You have an increased reservoir of magic. (+10% MP)


Message History

The orc wizard is caught in the net!
The orc wizard is moderately wounded.
You feel yourself speed up.
You are feeling hungry.
The orc wizard struggles against the net. x2
You hit the orc wizard but do no damage.
The orc wizard is moderately wounded.
The orc wizard struggles against the net.
You hit the orc wizard.
The orc wizard is moderately wounded.
The orc wizard struggles against the net.
The net rips apart, and the orc wizard comes free!
The orc wizard hits you but does no damage.
You puncture the orc wizard!
The orc wizard is almost dead.
The orc wizard hits you with a dagger of holy wrath.
* * * LOW HITPOINT WARNING * * *
The orc wizard points at you and mumbles some strange words.
The magic dart hits you!
You die...

#.#.....###..##..###.[..#
#.#..........##..# #....#
#....##..##..##..# #....###
.........##......# #......#
#...........##...# #......#
...#####.#..##>..# #......#
...#####.........# #......#
)......#.........#####....#
..##.#.#..#.....@....'....#######
...#.#.#.....#..o#####..........†
.....#.....)...).################
...###.#<#####..........# ..##
#...#...'..........# .###
###.#.###..........#
...###.....###..........#
................(...#####
##.#####>....##.....#


You could see an orc wizard.

Vanquished Creatures
  7 bats
  3 giant cockroaches (D:1)
  A hobgoblin (D:2)
  9 jackals
  7 kobolds
  2 frilled lizards
  5 goblins
  4 rats
38 creatures vanquished.

Notes
Turn   | Place    | Note
-------+----------+-------------------------------------------
     0 | D:1      | Leibowitz the Demigod Gladiator began the quest for the Orb.
     0 | D:1      | Reached XP level 1. HP: 17/17 MP: 3/3
   330 | D:1      | Reached XP level 2. HP: 20/24 MP: 4/4
  1057 | D:1      | Reached skill level 1 in Stealth
  1349 | D:2      | Reached XP level 3. HP: 28/29 MP: 5/5
  1699 | D:2      | Killed from afar by an orc wizard

Vault maps used:
D:1:      dpeg_arrival_rooms_a
D:3:      lemuel_upstairs_altar, kennysheep_generic_room_15

Skill      XL: |  1  2  3 |
---------------+----------+-----
Dodging        | 3 |  3.2
Fighting       | 2 |  2.0
Stealth        | 1 |  1.2
Short Blades   | 3 |  3.0
Throwing       | |  1.9

Action                   || total
-------------------------++-------
Melee: Rapier            ||    96
Throw: Throwing net      ||     2
  Use: Potion            ||     1
 Stab: Sleeping          ||     3
  Eat: Chunk             ||     2
Armor: Leather armour    ||    32
Dodge: Dodged            ||    47
